 Dungeon Crawl Stone Soup version 0.22.0-21-g8bd1b0a (webtiles) character file.

2188 Lew the Chopper (level 9, -3/56 HPs)
             Began as a Gargoyle Fighter on Aug 19, 2018.
             Was a Follower of Okawaru.
             Slain by a sun demon (5 damage)
             ... summoned by a kobold demonologist
             ... on level 6 of the Dungeon.
             The game lasted 00:17:49 (4866 turns).

Lew the Chopper (Gargoyle Fighter)                  Turns: 4866, Time: 00:17:52

Health: -3/56      AC: 21    Str: 29      XL:     9   Next: 33%
Magic:  9/9        EV: 14    Int:  8 (9)  God:    Okawaru [*.....]
Gold:   10         SH: 17    Dex: 13      Spells: 8/8 levels left

rFire    + . .     SeeInvis +   p - +2 mace (protect)
rCold    . . .     Gourm    .   t - +6 shield "Viskutum" {MR- Str+6 Dex+4 SInv}
rNeg     + . .     Faith    .   q - +0 troll leather armour {Purgy}
rPois    ∞         Spirit   .   (no helmet)
rElec    +         Reflect  .   n - +0 cloak
rCorr    .         Harm     .   (no gloves)
MR       .....                  j - +0 pair of boots
Stlth    ++........             s - amulet of magic regeneration
HPRegen  0.58/turn              i - +5 ring of evasion
MPRegen  0.36/turn              w - ring of protection from magic

@: protection aura
A: blink, fire resistance 1, negative energy resistance 1, electricity
resistance, unbreathing, petrification resistance, rot immunity, AC +6
a: Blink, Heroism, Renounce Religion


You were on level 6 of the Dungeon.
You worshipped Okawaru.
Okawaru was aware of your devotion.
You were hungry.

You visited 2 branches of the dungeon, and saw 7 of its levels.
You also visited: Sewer.

You collected 222 gold pieces.
You spent 212 gold pieces at shops.

Inventory:

Hand Weapons
 a - a +2 war axe
 p - a +2 mace of protection (weapon)
 x - the +0 trident of Danoetal {pierce, +Inv rN+}
   (You bought it in a shop on level 6 of the Dungeon)

   It inflicts extra damage upon your enemies.
   It protects you from negative energy.
   It lets you turn invisible.
Armour
 b - a +0 scale mail
 c - a +0 shield
 j - a +0 pair of boots (worn)
 n - a +0 cloak (worn)
 q - a +0 troll leather armour (worn) {Purgy}
 t - the +6 shield "Viskutum" (worn) {MR- Str+6 Dex+4 SInv}
   (You took it off an orc on level 5 of the Dungeon)

   It affects your strength (+6).
   It affects your dexterity (+4).
   It affects your resistance to hostile enchantments.
   It lets you see invisible.
Jewellery
 e - a +4 ring of intelligence
 i - a +5 ring of evasion (left hand)
 s - an amulet of magic regeneration (around neck)
 w - a ring of protection from magic (right hand)
Wands
 h - a wand of acid (9)
 v - a wand of random effects (36)
Scrolls
 o - a scroll of remove curse
Potions
 g - a potion of heal wounds
 k - a potion of agility
 l - a potion of flight
 m - 5 potions of might
 r - a potion of ambrosia
Comestibles
 f - 13 rations


   Skills:
 + Level 6.8 Fighting
 + Level 6.9 Axes
 + Level 6.7 Armour
 + Level 2.4 Stealth
 + Level 6.7 Shields


You had 8 spell levels left.
You didn't know any spells.
Your spell library contained the following spells:

 Spells                   Type           Power        Failure   Level  Hunger
 Confusing Touch          Hex            #.....       80%         1    ##.....
 Summon Small Mammal      Summ           #...         80%         1    ##.....
 Call Imp                 Summ           #.......     91%         2    ###....
 Call Canine Familiar     Summ           #.......     99%         3    ####...
 Confuse                  Hex            #.......     99%         3    ####...
 Gell's Gravitas          Tloc           #.........   99%         3    ####...
 Summon Guardian Golem    Hex/Summ       #.......     99%         3    ####...
 Petrify                  Tmut/Erth      #.......     100%        4    #####..
 Summon Ice Beast         Ice/Summ       #.......     100%        4    #####..
 Summon Lightning Spire   Summ/Air       #.......     100%        4    #####..
 Metabolic Englaciation   Hex/Ice        #.........   100%        5    ######.
 Yara's Violent Unravell  Hex/Tmut       #.........   100%        5    ######.


Dungeon Overview and Level Annotations

Branches:
Dungeon (6/15)             Temple (1/1) D:5

Altars:
Ashenzari
Cheibriados
Dithmenos
Elyvilon
Fedhas
Gozag
Hepliaklqana
Kikubaaqudgha
Makhleb
Nemelex Xobeh
Okawaru
Qazlal
Ru
Sif Muna
Trog
Uskayaw
Vehumet
Wu Jian
Yredelemnul
Zin
The Shining One

Shops:
D:6 (

Annotations:
D:6 1 transporter


Innate Abilities, Weirdness & Mutations

You are resistant to torment.
Your stone body is resilient. (AC +6)
You are immune to poison.
You resist negative energy. (rN+)
You are resistant to electric shocks. (rElec)
You can survive without breathing.
You are immune to petrification.
You are immune to rotting.
You can translocate small distances at will.
Your flesh is heat resistant. (rF+)


Message History

The sun demon hits you!
You are engulfed in flames!
You resist.
* * * LOW HITPOINT WARNING * * *
The ufetubus is engulfed in a cloud of scalding steam. x2
The ufetubus dies!
There is a transporter landing site here.
You can't go down here!
You can't go up here!
Okay, then.
As you read the scroll of fog, it crumbles to dust.
The scroll dissolves into smoke.
The kobold demonologist is engulfed in a cloud of scalding steam.
You block the sun demon's attack.
The orc priest is engulfed in a cloud of scalding steam.
You hit the sun demon.
Your weapon exudes an aura of protection.
The sun demon is moderately wounded.
The sun demon hits you!
* * * LOW HITPOINT WARNING * * *
You are engulfed in flames.
You resist.
You die...

#...........#.......
#..............#....
############........#......
#................).........
#........###############...
#........#8P#oK5....#≈8#...
#........#P§#≈≈≈≈≈≈≈#.P#...
#........#§§#3§≈≈P..#)$#...
#)......©#@3§5.≈⌠≈..+.©#©..
#........#§.#..≈≈≈..#$$#...
#........#P§#≈≈≈≈≈≈≈#.P#...
#........#8P#ot5o...#≈8#..#
#........###############...
######.#....[..............
#.######.#....##.....# #..#
#.#............ ##.#
#.#....####....


You could see a sun demon, a fire crab, a kobold demonologist, a smoke demon, 3
orc priests, 2 shadow imps and an ufetubus.

Vanquished Creatures
  Sigmund (D:2)
  Eustachio (D:4)
  5 ice beasts
  An orc warrior (D:5)
  Purgy (Sewer)
  An ogre (D:6)
  A bullfrog (D:6)
  2 scorpions
  4 wights (D:6)
  6 crimson imps
  A hound (D:2)
  A bullfrog skeleton (D:5)
  2 orc priests (D:5)
  3 orc wizards
  4 worker ants
  A hound zombie (D:5)
  A howler monkey zombie (D:5)
  8 gnolls
  14 adders
  3 worms
  2 dart slugs
  A leopard gecko (D:6)
  15 orcs
  10 bats
  7 giant cockroaches
  4 hobgoblins
  3 jackals (D:6)
  5 kobolds
  A quokka (D:2)
  A frilled lizard (D:1)
  5 goblins
  A leopard gecko skeleton (D:4)
  9 rats
  3 plants (D:6)
128 creatures vanquished.

Notes
Turn   | Place    | Note
-------+----------+-------------------------------------------
     0 | D:1      | Lew the Gargoyle Fighter began the quest for the Orb.
     0 | D:1      | Reached XP level 1. HP: 14/14 MP: 1/1
   171 | D:1      | Reached XP level 2. HP: 19/19 MP: 2/2
   172 | D:1      | Found a deep blue altar of Sif Muna.
   808 | D:2      | Reached XP level 3. HP: 20/23 MP: 3/3
   935 | D:2      | Found a burning altar of Makhleb.
   945 | D:2      | Reached XP level 4. HP: 18/29 MP: 4/4
   989 | D:2      | Found an ancient bone altar of Kikubaaqudgha.
  1151 | D:2      | Found a sparkling altar of Nemelex Xobeh.
  1252 | D:2      | Noticed Sigmund
  1261 | D:2      | Killed Sigmund
  1261 | D:2      | Reached XP level 5. HP: 10/34 MP: 5/5
  1261 | D:2      | Reached XP level 6. HP: 11/39 MP: 6/6
  1595 | D:3      | Found a white marble altar of Elyvilon.
  2417 | D:4      | Noticed Eustachio
  2430 | D:4      | Found a sacrificial altar of Ru.
  2510 | D:4      | Killed Eustachio
  2510 | D:4      | Reached XP level 7. HP: 41/44 MP: 7/7
  2797 | D:5      | Entered Level 5 of the Dungeon
  2798 | D:5      | Found a glowing drain.
  2824 | D:5      | Reached skill level 5 in Fighting
  2837 | Sewer    | Entered a sewer
  2884 | Sewer    | Noticed Purgy
  2891 | Sewer    | Killed Purgy
  2891 | Sewer    | Reached skill level 5 in Armour
  2891 | Sewer    | Reached skill level 5 in Shields
  3057 | D:5      | Reached skill level 5 in Axes
  3085 | D:5      | Reached XP level 8. HP: 32/50 MP: 8/8
  3232 | D:5      | Found a staircase to the Ecumenical Temple.
  3390 | Temple   | Entered the Ecumenical Temple
  3523 | Temple   | Became a worshipper of Warmaster Okawaru
  4019 | D:5      | Gained mutation: You are clumsy. (Dex -2) [potion of mutation]
  4019 | D:5      | Gained mutation: You are somewhat resistant to further mutation. [potion of mutation]
  4019 | D:5      | Gained mutation: You are dopey. (Int -2) [potion of mutation]
  4020 | D:5      | Lost mutation: You are clumsy. (Dex -2) [potion of mutation]
  4020 | D:5      | Lost mutation: You are somewhat resistant to further mutation. [potion of mutation]
  4020 | D:5      | Lost mutation: You are dopey. (Int -2) [potion of mutation]
  4020 | D:5      | Gained mutation: You can translocate small distances at will. [potion of mutation]
  4020 | D:5      | Gained mutation: Your flesh is heat resistant. (rF+) [potion of mutation]
  4054 | D:5      | Got a distressingly furry shield
  4065 | D:5      | Identified the +6 shield "Viskutum" {MR- Str+6 Dex+4 SInv} (You took it off an orc on level 5 of the Dungeon)
  4128 | D:6      | Reached skill level 1 in Stealth
  4128 | D:6      | Reached XP level 9. HP: 51/56 MP: 9/9
  4134 | D:6      | Found Nieqoq's Antique Weapon Shoppe.
  4279 | D:6      | Noticed a kobold demonologist
  4312 | D:6      | Found a hide-covered altar of Uskayaw.
  4333 | D:6      | Found a transporter.
  4340 | D:6      | Noticed a fire crab
  4366 | D:6      | Found a transporter.
  4409 | D:6      | Reached * piety under Okawaru
  4772 | D:6      | Bought an ichor-stained trident for 212 gold pieces
  4772 | D:6      | Identified the +0 trident of Danoetal {pierce, +Inv rN+} (You bought it in a shop on level 6 of the Dungeon)
  4827 | D:6      | Noticed a sun demon
  4843 | D:6      | Noticed an ice devil
  4857 | D:6      | Noticed a sun demon
  4862 | D:6      | Noticed a smoke demon
  4866 | D:6      | HP: 2/56 [sun demon[a kobold demonologist] (8)]
  4866 | D:6      | Slain by a sun demon

Skill      XL: |  1  2  3  4  5  6  7  8  9 |
---------------+----------------------------+-----
Axes           | 2 3 4 5 6 |  6.9
Fighting       | 4 5 6 |  6.8
Armour         | 4 5 6 |  6.7
Shields        | 4 5 6 |  6.7
Stealth        | 1 2 |  2.4

Action                   |  1- 3 |  4- 6 |  7- 9 || total
-------------------------+-------+-------+-------++-------
Melee: War axe           |    84 |    22 |       ||   106
       Scythe            |       |   100 |       ||   100
       Mace              |       |    59 |   451 ||   510
       Trident           |       |       |    33 ||    33
Evoke: Wand              |       |       |     1 ||     1
  Use: Scroll            |     6 |     4 |     5 ||    15
       Potion            |     2 |     5 |     4 ||    11
  Eat: Chunk             |       |     5 |     9 ||    14
Armor: Scale mail        |    56 |   133 |    43 ||   232
       Troll leather arm |       |       |   111 ||   111
Dodge: Dodged            |    23 |   132 |   235 ||   390
Block: Shield            |    45 |    56 |   311 ||   412
